 Dungeon Crawl Stone Soup version 0.26-a0-663-g36e8fdb655 (console) character file.

Game seed: 1926566411580899435

10290 jejorda2 the Fencer (level 11, -2/89 HPs)
             Began as a Minotaur Gladiator on Oct 9, 2020.
             Was an Elder of Okawaru.
             Slain by a komodo dragon (15 damage)
             ... on level 1 of the Lair of Beasts on Oct 10, 2020.
             The game lasted 00:26:54 (10844 turns).

jejorda2 the Fencer (Minotaur Gladiator)           Turns: 10844, Time: 00:26:55

Health: -2/89      AC: 22    Str: 23    XL:     11   Next: 34%
Magic:  10/15      EV: 14    Int:  5    God:    Okawaru [****..]
Gold:   619        SH:  5    Dex: 11    Spells: 10/10 levels left

rFire    . . .     SeeInvis .   a - +4 great sword
rCold    . . .     Faith    .   (shield currently unavailable)
rNeg     . . .     Spirit   .   y - +0 plate armour
rPois    .         Reflect  +   c - +0 hat
rElec    .         Harm     .   h - +0 cloak
rCorr    .         Rampage  .   v - +2 pair of gloves
MR       .....                  e - +1 pair of boots
Stlth    ..........             l - amulet of reflection
HPRegen  0.24/turn              t - +4 ring of evasion
MPRegen  0.14/turn              w - ring of stealth

@: heroism, finesse, hasted and slowed
A: retaliatory headbutt, horns 2
a: Heroism, Renounce Religion


You were on level 1 of the Lair of Beasts.
You worshipped Okawaru.
Okawaru was greatly pleased with you.
You visited 3 branches of the dungeon, and saw 12 of its levels.

You collected 619 gold pieces.

Inventory:

Hand Weapons
 a - a +4 great sword (weapon)
 o - a +0 shortbow
 A - a +3 morningstar
Missiles
 d - 6 throwing nets (quivered)
 u - 293 arrows
Armour
 c - a +0 hat (worn)
 e - a +1 pair of boots (worn)
 h - a +0 cloak (worn)
 v - a +2 pair of gloves (worn)
 y - a +0 plate armour (worn)
Jewellery
 l - an amulet of reflection (around neck)
 t - a +4 ring of evasion (left hand)
 w - a ring of stealth (right hand)
 K - an uncursed ring of fire
Wands
 i - a wand of flame (27)
 D - a wand of iceblast (12)
 F - a wand of paralysis (10)
 J - a wand of random effects (17)
Scrolls
 g - 2 scrolls of amnesia
 j - 4 scrolls of teleportation
 m - 6 scrolls of fog
 s - 5 scrolls of remove curse
 H - a scroll of identify
 I - a scroll of enchant weapon
Potions
 b - a potion of brilliance
 f - a potion of heal wounds
 k - a potion of invisibility
 n - 2 potions of lignification
 p - 2 potions of ambrosia
 q - 3 potions of curing
 x - a potion of might
 B - a potion of magic
 E - 2 potions of flight
 G - a potion of stabbing
Miscellaneous
 z - a phial of floods
 C - a lightning rod (4/4)


   Skills:
 + Level 6.0(11.0) Fighting
 * Level 16.9(21.9) Long Blades
 + Level 0.5(5.5) Bows
 - Level 2.0(7.0) Throwing
 + Level 6.0(11.0) Armour
 - Level 3.2(8.2) Dodging
 - Level 7.0 Invocations


You had 10 spell levels left.
You didn't know any spells.
Your spell library contained the following spells:

 Spells                   Type           Power        Failure   Level
 Shock                    Conj/Air       #...         99%         1
 Summon Small Mammal      Summ           #...         99%         1
 Call Imp                 Summ           #.......     100%        2
 Ensorcelled Hibernation  Hex/Ice        #.....       100%        2
 Passwall                 Tmut/Erth      #.......     100%        2
 Swiftness                Air            #.......     100%        2
 Call Canine Familiar     Summ           #.......     100%        3
 Static Discharge         Conj/Air       #.......     100%        3
 Summon Guardian Golem    Hex/Summ       #.......     100%        3
 Airstrike                Air            #.........   100%        4
 Passage of Golubria      Tloc           N/A          100%        4
 Summon Ice Beast         Ice/Summ       #.......     100%        4
 Summon Lightning Spire   Summ/Air       #.......     100%        4
 Borgnjor's Vile Clutch   Necr/Erth      #.........   100%        5
 Lee's Rapid Deconstruct  Erth           #.........   100%        5
 Lightning Bolt           Conj/Air       #.........   100%        5
 Silence                  Hex/Air        #.........   100%        5
 Invisibility             Hex            #.......     100%        6
 Shadow Creatures         Summ           N/A          100%        6


Dungeon Overview and Level Annotations

Branches:
Dungeon (10/15)            Temple (1/1) D:6            Lair (1/6) D:9
    Orc (0/2) D:9

Altars:
Ashenzari
Cheibriados
Dithmenos
Elyvilon
Fedhas
Gozag
Hepliaklqana
Kikubaaqudgha
Makhleb
Nemelex Xobeh
Okawaru
Qazlal
Ru
Sif Muna
Trog
Uskayaw
Vehumet
Wu Jian
Xom
Yredelemnul
Zin
The Shining One

Shops:
D:5 }   D:7 :

Annotations:
D:6 2 transporters, avis's ghost, novice DrTm
D:10 3 runed translucent doors, Esecurch's ghost, journeyman DrAE
Lair:1 Sonja


Innate Abilities, Weirdness & Mutations

You reflexively headbutt those who attack you in melee.
You have a pair of horns on your head.


Message History

Unknown command.
You block the bullfrog's attack. The cane toad barely misses you.
The bullfrog barely misses you. You furiously retaliate!
You headbutt the bullfrog. The bullfrog closely misses you.
You furiously retaliate!
You headbutt the bullfrog. The bullfrog misses you.
A cane toad comes into view.
The cane toad gives a loud, deep croak!
You hear a croak.
You hear a shout!
The bullfrog hits you but does no damage.
A bullfrog comes into view.
You block the bullfrog's attack.
The bullfrog gives a loud, deep croak!
There is a staircase back to the Dungeon here.
The bullfrog completely misses you. You furiously retaliate!
You headbutt the bullfrog!
You kill the bullfrog!
Okawaru accepts your kill. The komodo dragon bites you!
You die...

#.....#.....#...#
#.....#.....#...#
#.....#.^...#...#
#.....#.....#...#
#.....#.....#.F.#
#...............####
#.....#####.#..F.#.#####
#.....(........D........
.....(........Fl@.......
..............F.........
........................
.................#######
.................#
....###P.###.....# ....
##.# .#....# ....
....#.....#


You could see a six-headed hydra, a komodo dragon, 2 cane toads and 2 bullfrogs.

Vanquished Creatures
  A hydra (D:8)
  A two-headed ogre (D:9)
  An ugly thing (D:9)
  A gargoyle (D:8)
  A komodo dragon (D:10)
  A polar bear (Lair:1)
  4 trolls
  Sigmund (D:2)
  A wraith (D:8)
  3 yaks (D:9)
  2 wyverns
  A steam dragon (D:10)
  A water moccasin (D:10)
  3 orc warriors
  3 sky beasts
  2 black bears
  2 ice beasts
  An eye of draining (D:9)
  3 necrophages
  An ogre (D:5)
  3 phantoms
  4 centaurs
  10 bullfrogs
  12 killer bees
  A scorpion (D:5)
  12 wights (D:6)
  3 howler monkeys
  3 bullfrog zombies
  11 orc priests
  6 orc wizards
  8 hounds
  3 iron imps (D:5)
  3 jellies
  A bullfrog skeleton (D:5)
  2 centaur skeletons
  Jessica (D:2)
  2 iguanas
  Natasha (D:2)
  9 worker ants
  A hound skeleton (D:10)
  Robin (D:4)
  A howler monkey skeleton (D:4)
  6 adders
  2 shadow imps
  2 white imps
  2 ufetubi (D:5)
  An ooze (D:1)
  2 adder skeletons
  5 worms
  5 dart slugs
  7 leopard geckos
  51 orcs
  9 bats
  8 giant cockroaches
  16 goblins
  9 hobgoblins
  9 jackals
  9 kobolds
  7 quokkas
  2 ball pythons
  A ball python skeleton (D:4)
  3 frilled lizards
  A quokka skeleton (D:10)
  A quokka zombie (D:9)
  5 rats
295 creatures vanquished.

Vanquished Creatures (others)
  2 fungi (Lair:1)
2 creatures vanquished.

Grand Total: 297 creatures vanquished

Notes
Turn   | Place    | Note
-------+----------+-------------------------------------------
     0 | D:1      | jejorda2 the Minotaur Gladiator began the quest for the
                  | Orb.
     0 | D:1      | Reached XP level 1. HP: 18/18 MP: 0/0
    61 | D:1      | Reached skill level 4 in Long Blades
    76 | D:1      | Reached XP level 2. HP: 23/25 MP: 1/1
   216 | D:1      | Reached XP level 3. HP: 31/31 MP: 2/2
   728 | D:2      | Reached skill level 5 in Long Blades
   810 | D:2      | Noticed Sigmund
   823 | D:2      | Killed Sigmund
   823 | D:2      | Reached skill level 6 in Long Blades
   823 | D:2      | Reached XP level 4. HP: 38/41 MP: 3/3
   823 | D:2      | Reached XP level 5. HP: 44/47 MP: 4/4
   851 | D:2      | Noticed Jessica
   856 | D:2      | Killed Jessica
  1099 | D:2      | Reached skill level 7 in Long Blades
  1099 | D:2      | Reached XP level 6. HP: 53/53 MP: 5/5
  1373 | D:2      | Noticed Natasha
  1391 | D:2      | Killed Natasha
  2440 | D:3      | Reached skill level 5 in Fighting
  2603 | D:3      | Found a stormy altar of Qazlal.
  2605 | D:3      | Noticed a water elemental
  2606 | D:3      | Noticed an air elemental
  2606 | D:3      | Noticed a fire elemental
  3544 | D:4      | Noticed Robin
  3568 | D:4      | Killed Robin
  3872 | D:4      | Reached skill level 8 in Long Blades
  3964 | D:4      | Reached XP level 7. HP: 62/62 MP: 6/6
  4266 | D:5      | Entered Level 5 of the Dungeon
  4406 | D:5      | Reached skill level 9 in Long Blades
  4625 | D:5      | Reached skill level 10 in Long Blades
  4890 | D:5      | Found a burning altar of Makhleb.
  4906 | D:5      | Reached XP level 8. HP: 65/70 MP: 7/7
  4976 | D:5      | Found Jirol's Gadget Boutique.
  5123 | D:6      | Found a transporter.
  5382 | D:6      | Reached skill level 11 in Long Blades
  5390 | D:6      | Noticed avis's ghost (novice DrTm)
  5513 | D:6      | Found a transporter.
  5725 | D:6      | Found a staircase to the Ecumenical Temple.
  5725 | D:6      | Found a glowing golden altar of the Shining One.
  5737 | D:6      | Reached skill level 12 in Long Blades
  5762 | Temple   | Entered the Ecumenical Temple
  5855 | Temple   | Became a worshipper of Warmaster Okawaru
  5914 | D:6      | Reached skill level 1 in Armour
  5914 | D:6      | Reached skill level 1 in Invocations
  5926 | D:6      | Reached XP level 9. HP: 43/75 MP: 7/9
  5929 | D:6      | Reached * piety under Okawaru
  6358 | D:6      | Upgraded the game from 0.26-a0-662-g8b9c6dab81 to
                  | 0.26-a0-663-g36e8fdb655
  6367 | D:7      | Found Kyirph's Book Shop.
  7161 | D:8      | Reached skill level 13 in Long Blades
  7304 | D:8      | Noticed a gargoyle
  7331 | D:8      | Killed a gargoyle
  7331 | D:8      | Reached ** piety under Okawaru
  7337 | D:8      | Reached skill level 5 in Armour
  7463 | D:8      | Reached skill level 14 in Long Blades
  7649 | D:8      | Reached XP level 10. HP: 83/83 MP: 12/12
  7693 | D:8      | Reached *** piety under Okawaru
  7856 | D:8      | Noticed a six-headed hydra
  7867 | D:8      | Killed a six-headed hydra
  7867 | D:8      | Reached skill level 5 in Invocations
  8406 | D:9      | Found a staircase to the Orcish Mines.
  8511 | D:9      | Noticed a white ugly thing
  8586 | D:9      | Reached skill level 15 in Long Blades
  8695 | D:9      | Killed a white ugly thing
  8798 | D:9      | Reached **** piety under Okawaru
  8809 | D:9      | Noticed a two-headed ogre
  8821 | D:9      | Killed a two-headed ogre
  9182 | D:9      | Reached XP level 11. HP: 81/89 MP: 15/15
  9265 | D:9      | Reached skill level 16 in Long Blades
  9362 | D:9      | Found a staircase to the Lair.
  9364 | D:9      | Paralysed by an orc for 6 turns
  9642 | D:10     | Entered Level 10 of the Dungeon
  9710 | D:10     | Noticed Esecurch's ghost (journeyman DrAE)
  9732 | D:10     | Reached ***** piety under Okawaru
  9732 | D:10     | Received a gift from Okawaru
 10080 | D:10     | Noticed a glowing orange brain
 10084 | D:10     | Found a runed translucent gate.
 10084 | D:10     | Found a runed translucent gate.
 10084 | D:10     | Found a runed translucent gate.
 10798 | Lair:1   | Entered Level 1 of the Lair of Beasts
 10819 | Lair:1   | Noticed Sonja
 10826 | Lair:1   | Noticed a six-headed hydra
 10844 | Lair:1   | Slain by a komodo dragon

Illustrated notes

Levels and vault maps discovered:
D:1:      zaba_arrival_water, layout_basic, minmay_unequal
D:2:      layout_basic, uniq_natasha, uniq_sigmund, uniq_jessica
D:3:      layout_basic, nicolae_qazlal_style_of_elements
D:4:      layout_basic, chequers_garden, uniq_robin
D:5:      layout_rooms, demons_altar, serial_shops, nicolae_shop_behind_doors,
          kennysheep_generic_room_9
D:6:      layout_cave_pools, minmay_temple_entry_proselytizer,
          gammafunk_ghost_mausoleum, basic_altar
D:7:      minmay_general_purpose_star, layout_cave_pools, serial_shops,
          nicolae_shop_stone
D:8:      minmay_the_grid_octo_tiled_octocenter
          [minmay_the_grid_octo_vomiting_pacman, minmay_the_grid_octo_chip,
          minmay_the_grid_octo_teeth, minmay_the_grid_octo_clover,
          minmay_the_grid_octo_prize_star, minmay_the_grid_square_5x5_six_small,
          minmay_the_grid_square_5x5_seven,
          minmay_the_grid_square_5x5_intrusive_squares,
          minmay_the_grid_square_5x5_hollow_slash], layout_rooms
D:9:      layout_loops_ring, lair_entry_dummy, david_orc_3,
          minmay_fractal_squares_5
D:10:     layout_irregular_city, gammafunk_ghost_split, st_stairs_1
Temple:   compressed_dpeg_circular_temple
Lair:1:   layout_regular_city, basic_altar, beast_lair_carwin_11, uniq_sonja,
          uniq_maggie, uniq_urug

Skill      XL: |  1  2  3  4  5  6  7  8  9 10 11 |
---------------+----------------------------------+-----
Long Blades    | 4 6 7 8 10 12 14 15 16 | 16.9
Fighting       | 3 4 5 6 |  6.0
Armour         | 2 5 6 |  6.0
Invocations    | 1 4 6 7 |  7.0
Bows           | |  0.5
Throwing       | |  2.0
Dodging        | |  3.2

Action                   |  1- 3 |  4- 6 |  7- 9 | 10-12 || total
-------------------------+-------+-------+-------+-------++-------
Melee: Long sword        |    61 |   134 |   123 |       ||   318
       Headbutt          |     9 |    26 |    55 |    53 ||   143
       Scimitar          |       |       |    38 |       ||    38
       Great sword       |       |       |   112 |   210 ||   322
       Morningstar       |       |       |       |     5 ||     5
Invok: Heroism           |       |       |     1 |     5 ||     6
       Finesse           |       |       |       |     1 ||     1
Evoke: Wand              |       |       |       |     8 ||     8
  Use: Scroll            |       |    12 |    10 |     6 ||    28
       Potion            |       |     1 |     4 |     4 ||     9
Armor: Chain mail        |    22 |    65 |    52 |       ||   139
       Leather armour    |     1 |       |       |       ||     1
       Plate armour      |       |       |    40 |   140 ||   180
Dodge: Dodged            |    43 |    78 |   165 |   142 ||   428
Block: Other             |       |       |     7 |    62 ||    69
       Reflection        |       |       |     2 |     1 ||     3
       Rpst.: Long sword |    18 |    16 |    13 |       ||    47
       Scimitar          |       |       |    11 |       ||    11
       Great sword       |       |       |    23 |    18 ||    41

Table legend: (Time is in decaauts)
 A = Elapsed time spent in this place.
 B = Non-inter-level travel time spent in this place.
 C = Inter-level travel time spent in this place.
 D = Time resting spent in this place.
 E = Time spent auto-exploring this place.
 F = Levels seen in this place.
 G = Mean time per level.
                   A        B        C        D        E       F      G
               +--------+--------+--------+--------+--------+-----+--------+
         Total |  10815 |  10435 |    380 |    384 |   8239 |  12 |  901.2 |
       Dungeon |  10663 |  10295 |    368 |    384 |   8157 |  10 | 1066.3 |
        Temple |    100 |     89 |     11 |      0 |     71 |   1 |  100.0 |
          Lair |     50 |     50 |      0 |      0 |     11 |   1 |   50.0 |
               +--------+--------+--------+--------+--------+-----+--------+

Top non-repeatable levels by time:
     D:2: 1773 daAuts
     D:9: 1287 daAuts
     D:8: 1250 daAuts
     D:4: 1123 daAuts
    D:10: 1118 daAuts
     D:6: 946 daAuts
     D:5: 942 daAuts
     D:3: 790 daAuts
     D:7: 739 daAuts
     D:1: 691 daAuts
  Temple: 100 daAuts
  Lair:1: 50 daAuts
